 Dungeon Crawl Stone Soup version 0.22-a0-322-g60b3cfd (webtiles) character file.

104 sankara the Chopper (level 4, -9/60 HPs)
             Began as a Hill Orc Fighter on Apr 4, 2018.
             Was an Initiate of Kikubaaqudgha.
             Killed by divine providence
             ... invoked by an orc priest
              (16 damage)
             ... on level 3 of the Dungeon.
             The game lasted 00:05:16 (1896 turns).

sankara the Chopper (Hill Orc Fighter)              Turns: 1896, Time: 00:05:16

Health: -9/60      AC: 22    Str: 18    XL:     4   Next: 80%
Magic:  13/13      EV:  2    Int:  9    God:    Kikubaaqudgha [......]
Gold:   179        SH:  8    Dex:  8    Spells: 3/3 levels left

rFire    + . .     SeeInvis +   a - +0 war axe
rCold    . . .     Gourm    .   c - +0 shield
rNeg     + + +     Faith    .   (armour currently unavailable)
rPois    +         Spirit   .   (helmet currently unavailable)
rElec    .         Reflect  .   (cloak currently unavailable)
rCorr    .         Harm     .   (gloves currently unavailable)
MR       .....     NoTele   +   (boots currently unavailable)
Stlth    +.........             m - amulet of the acrobat
HPRegen  0.20/turn              k - ring of magical power {MP+9}
MPRegen  0.13/turn              s - ring of protection from fire {rF+, !d}

@: tree-form
A: see invisible, clumsy 1, wild magic 1
a: Renounce Religion, Convert to Beogh


You were on level 3 of the Dungeon.
You worshipped Kikubaaqudgha.
Kikubaaqudgha was noncommittal.
You were not hungry.
You were a tree.
You visited 1 branch of the dungeon, and saw 3 of its levels.

You collected 179 gold pieces.

Inventory:

Hand Weapons
 a - a +0 war axe (weapon)
Missiles
 l - 12 stones (quivered)
Armour
 b - a +0 cloak (melded)
   (You found it on level 1 of the Dungeon)
 c - a +0 shield (worn)
 e - a +0 pair of gloves (melded)
   (You found it on level 1 of the Dungeon)
 j - a +2 ring mail of cold resistance (melded)
   (You found it on level 1 of the Dungeon)
Jewellery
 k - a ring of magical power (left branch) {MP+9}
   (You found it on level 1 of the Dungeon)
 m - an amulet of the acrobat (around neck)
   (You found it on level 1 of the Dungeon)
 s - a ring of protection from fire (right branch) {rF+, !d}
   (You found it on level 2 of the Dungeon)
Scrolls
 g - a scroll of teleportation {unknown}
 h - a scroll of fear {unknown}
 i - a scroll of fog {unknown}
 o - 2 scrolls of remove curse {unknown}
 p - a scroll of identify {unknown}
 v - 2 scrolls of enchant weapon {unknown}
Potions
 d - a potion of might
 n - a potion of curing
 q - a potion of invisibility {unknown}
Comestibles
 f - 6 rations
 r - 2 chunks of flesh {@w0}


   Skills:
 - Level 3.8 Fighting
 * Level 5.9 Axes
 - Level 3.4 Armour
 - Level 3.4 Shields


You had 3 spell levels left.
You didn't know any spells.

Dungeon Overview and Level Annotations

Branches:
Dungeon (3/15)

Altars:
Kikubaaqudgha
Sif Muna
Beogh


Innate Abilities, Weirdness & Mutations

You have supernaturally acute eyesight. (SInv)
You are clumsy. (Dex -2)
Your spells are a little harder to cast, but a little more powerful.


Message History

The ooze completely misses the bush.
Something hits the bush but does no damage.
You open the door.
An orc and 2 orc priests come into view.
The orc is wielding a whip of electrocution.
The orc priest shouts, "Surrender to Beogh and we'll let you live!" (press Y on the ability menu to convert to Beogh)
The orc priest shouts! x2; The orc shouts!
Found a scroll labeled LAWYZE BALUO and 84 gold pieces.
Found a roughly hewn altar of Beogh.
There is an open door here.
You hit the orc priest.
The orc priest is lightly wounded.
The orc priest invokes the aid of Beogh against you.
Pain shoots through your body!
The orc priest calls down the wrath of Beogh upon you.
Beogh smites you! The orc priest hits you with a club.
You are too injured to fight recklessly!
You are too injured to fight recklessly!
It was a potion of curing.
You feel better. The orc closely misses you.
The orc priest shouts, "Beogh is our master!
Accept the truth or die!"
The orc priest hits you but does no damage.
You barely miss the orc priest.
The orc priest shouts, "Surrender to Beogh and we'll let you live!"
The orc priest is lightly wounded.
You hit the orc but do no damage. The orc hits you but does no damage.
The orc priest hits you with a club.
You closely miss the orc priest.
The orc priest is lightly wounded.
You hit the orc but do no damage.
The orc priest shouts, "Beogh is our master!
Accept the truth or die!"
The orc priest calls down the wrath of Beogh upon you.
Beogh smites you!
* * * LOW HITPOINT WARNING * * *
You block the orc's attack.
The orc priest hits you but does no damage.
It was a potion of mutation.
You feel extremely strange.
You feel clumsy.
You feel less in control of your magic.
Your vision sharpens.
You block the orc's attack.
The orc priest hits you but does no damage.
Unknown command.
It was a potion of lignification.
You turn into a tree.
Your +0 cloak melds into your body.
Your +0 pair of gloves melds into your body.
Your +2 ring mail of cold resistance melds into your body.
You feel less resistant to cold.
Your roots penetrate the ground.
The orc hits you but does no damage.
The orc priest threatens, "By the altar or by the axe, you will meet Beogh!"
The orc priest hits you but does no damage. x2
You hit the orc priest but do no damage.
The orc priest is lightly wounded.
You hit the orc. You hit the orc priest. The orc hits you but does no damage.
The orc priest hits you but does no damage.
You block the orc priest's attack. You block the orc's attack.
You barely miss the orc priest.
The orc priest is lightly wounded.
The orc priest shouts, "Surrender to Beogh and we'll let you live!"
You hit the orc priest. You closely miss the orc.
You block the orc priest's attack.
The orc priest hits you but does no damage.
The orc hits you with a whip of electrocution.
* * * LOW HITPOINT WARNING * * *
You closely miss the orc priest.
The orc priest is lightly wounded.
You hit the orc priest but do no damage.
You hit the orc.
You kill the orc!
Kikubaaqudgha accepts your kill.
The orc priest calls upon Beogh to heal the orc priest.
The orc priest threatens, "By the altar or by the axe, you will meet Beogh!"
The orc priest's wounds heal themselves!
The orc priest shouts, "Beogh is our master!
Accept the truth or die!"
The orc priest barely misses you.
The orc priest threatens, "By the altar or by the axe, you will meet Beogh!"
The orc priest hits you but does no damage.
The orc priest shouts, "Join the one true god or die!"
You hit the orc priest but do no damage.
You completely miss the orc priest.
The orc priest hits you but does no damage.
You block the orc priest's attack.
You slash the orc priest!
The orc priest is heavily wounded.
You closely miss the orc priest.
The orc priest hits you but does no damage.
The orc priest hits you with a flail.
* * * LOW HITPOINT WARNING * * *
You barely miss the orc priest.
The orc priest is heavily wounded.
You hit the orc priest.
The orc priest hits you but does no damage. x2
The orc priest calls upon Beogh to heal the orc priest.
The orc priest is healed somewhat.
You hit the orc priest but do no damage.
The orc priest is heavily wounded.
The orc priest threatens, "By the altar or by the axe, you will meet Beogh!"
You slash the orc priest! You block the orc priest's attack.
The orc priest calls down the wrath of Beogh upon you.
Beogh smites you!
You die...
Kikubaaqudgha rasps: "You have failed me!
Welcome... death!"

#
..##..........#
#
####..........#
#..........#
#..........#
#..........#
#.....######
#######.##.$$##
........#o8.8.#
.######.♣).?$_#
###o8$8.#
#.$$## ####


You could see 2 orc priests.

Vanquished Creatures
  5 adders (D:2)
  An ooze (D:2)
  2 worms
  A dart slug (D:2)
  An orc (D:3)
  4 bats
  A giant cockroach (D:2)
  9 goblins
  5 hobgoblins
  9 kobolds
  3 quokkas
  A ball python (D:2)
  A frilled lizard (D:1)
  3 rats
46 creatures vanquished.

Notes
Turn   | Place    | Note
-------+----------+-------------------------------------------
     0 | D:1      | sankara the Hill Orc Fighter began the quest for the Orb.
     0 | D:1      | Reached XP level 1. HP: 19/19 MP: 1/1
    81 | D:1      | Reached XP level 2. HP: 27/27 MP: 2/2
   147 | D:1      | Reached skill level 3 in Axes
   784 | D:2      | Reached XP level 3. HP: 33/33 MP: 3/3
   792 | D:2      | Reached skill level 4 in Axes
   897 | D:2      | Found an ancient bone altar of Kikubaaqudgha.
   907 | D:2      | Became a worshipper of Kikubaaqudgha
  1037 | D:2      | Reached skill level 5 in Axes
  1037 | D:2      | Reached XP level 4. HP: 40/40 MP: 4/4
  1230 | D:2      | HP: 10/40 [poisoned by an adder]
  1238 | D:2      | HP: 9/40 [poisoned by an adder]
  1561 | D:2      | Found a deep blue altar of Sif Muna.
  1746 | D:2      | Found a faded altar of an unknown god.
  1882 | D:3      | Found a roughly hewn altar of Beogh.
  1887 | D:3      | HP: 6/40 [orc priest/divine providence (13)]
  1888 | D:3      | Gained mutation: You are clumsy. (Dex -2) [potion of mutation]
  1888 | D:3      | Gained mutation: Your spells are a little harder to cast, but a little more powerful. [potion of mutation]
  1888 | D:3      | Gained mutation: You have supernaturally acute eyesight. (SInv) [potion of mutation]
  1894 | D:3      | HP: 6/60 [orc priest/flail (3)]
  1896 | D:3      | Killed from afar by an orc priest

Vault maps used:
D:1:      lemuel_arrival_cross, minmay_pentomino_t2
D:2:      led_sif_pool, lemuel_doored_altar, first_ration,
          chequers_ecumenical_altar_lobes, kennysheep_cross_room
D:3:      lemuel_upstairs_altar, minmay_hedge_maze, kennysheep_orc_chapel

Skill      XL: |  1  2  3 |
---------------+----------+-----
Axes           | 3 5 |  5.9
Fighting       | |  3.8
Armour         | |  3.4
Shields        | |  3.4

Action                   |  1- 3 |  4- 6 || total
-------------------------+-------+-------++-------
Melee: War axe           |    72 |    82 ||   154
  Use: Potion            |       |     3 ||     3
  Eat: Chunk             |       |     3 ||     3
Armor: Scale mail        |    10 |       ||    10
       Ring mail         |    26 |    25 ||    51
       Skin              |       |    10 ||    10
Dodge: Dodged            |    36 |    32 ||    68
Block: Shield            |    40 |    44 ||    84

Table legend:
 A = Spawn XP
 B = Non-spawn XP
 C = Spawn XP percentage of total XP
 D = Spawn monster count
 E = Non-spawn monster count
 F = Spawn count percentage of total count
 G = Total turns spent on level
                    A         B        C        D         E        F      G
               +---------+---------+-------+---------+---------+-------+---------
         Total |       0 |     149 |   0.0 |       0 |      46 |   0.0 |  1896
               +---------+---------+-------+---------+---------+-------+---------
           D:1 |       0 |      21 |   0.0 |       0 |      13 |   0.0 |   678
           D:2 |       0 |     116 |   0.0 |       0 |      29 |   0.0 |  1105
           D:3 |       0 |      12 |   0.0 |       0 |       4 |   0.0 |   113
               +---------+---------+-------+---------+---------+-------+---------

Vault maps used:
D:1:      lemuel_arrival_cross, minmay_pentomino_t2
D:2:      led_sif_pool, lemuel_doored_altar, first_ration,
          chequers_ecumenical_altar_lobes, kennysheep_cross_room
D:3:      lemuel_upstairs_altar, minmay_hedge_maze, kennysheep_orc_chapel

Table legend:
 A = Turns spent in this place as a percentage of turns spent in the entire game.
 B = Non-inter-level travel turns spent in this place as a percentage of non-inter-level travel turns spent in the entire game.
 C = Inter-level travel turns spent in this place as a percentage of turns spent in this place.
 D = Turns resting spent in this place as a percentage of non-inter-level travel turns spent in this place.
 E = Turns spent auto-exploring this place as a percentage of non-inter-level travel turns spent in this place.
 F = Non-inter-level travel turns spent in this place divided by the number of levels of this place that you've seen.
                   A       B       C       D       E      F
               +-------+-------+-------+-------+-------+----------------------
         Total | 100.0 | 100.0 |   3.9 |  13.9 |  62.8 | 607.3
       Dungeon | 100.0 | 100.0 |   3.9 |  13.9 |  62.8 | 607.3
               +-------+-------+-------+-------+-------+----------------------

Table legend:
 A = Kills in this place as a percentage of kills in entire the game.
 B = Kills by you in this place as a percentage of kills by you in the entire game.
 C = Kills by friends in this place as a percentage of kills by friends in the entire game.
 D = Other kills in this place as a percentage of other kills in the entire game.
 E = Experience gained in this place as a percentage of experience gained in the entire game.
 F = Experience gained in this place divided by the number of levels of this place that you have seen.
                   A       B       C       D       E      F
               +-------+-------+-------+-------+-------+----------------------
         Total | 100.0 | 100.0 |   N/A |   N/A | 100.0 |  49.7
       Dungeon | 100.0 | 100.0 |   N/A |   N/A | 100.0 |  49.7
               +-------+-------+-------+-------+-------+----------------------
